AoeStats
← diossnefru1

Fortress

510237708Analyzed
3v3 RM · 1d ago on Sep 30, 2026· 51m 56s· 6 players
Game mode
Random Map
Map size
Large (8 player)
Population
200
Speed
Normal
Resources
Standard
Victory
Conquest
Starting age
Dark Age
Ending age
Imperial Age
RankedLock teamsTeams togetherTeam positionsShared explorationLock speedFull tech treeHidden civsTurbo modeCheats
Victory
Defeat
🇨🇴 Cumans · Colombia
910
+15
🇺🇸 Persians · United States
901
+15
🇺🇸 Bohemians · United States
897
+16
🇲🇽 Portuguese · Mexico
920
-16
🇧🇷 Goths · Brazil
874
-15
🇦🇷 Ethiopians · Argentina
868
-15
Trevor_98
13:58 Feudal Age
16:08 Gold Mining
18:39 Horse Collar
18:58 Town Watch
21:58 Castle Age
20:34 Double-Bit Axe
21:44 Fletching
21:54 Padded Archer Armor
22:21 Crossbowman
27:11 Arson
28:40 Scale Mail Armor
30:13 Forging
30:42 Squires
32:06 Iron Casting
31:47 Chain Mail Armor
33:30 Thumb Ring
34:27 Gold Shaft Mining
35:27 Bodkin Arrow
35:48 Leather Archer Armor
35:37 Heavy Plow
42:11 Imperial Age
40:08 Royal Heirs
40:59 Town Patrol
43:13 Conscription
44:44 Elite Shotel Warrior
diossnefru1
0:40 Loom
6:27 Feudal Age
7:44 Wheelbarrow
7:01 Double-Bit Axe
8:01 Horse Collar
17:32 Castle Age
16:11 Fletching
16:17 Stone Mining
18:34 Hand Cart
18:33 Bow Saw
18:26 Heavy Plow
18:42 Caravan
22:47 Gold Mining
23:19 Treadmill Crane
28:14 Imperial Age
27:38 Padded Archer Armor
30:03 Chemistry
30:17 Two-Man Saw
30:20 Conscription
30:27 Ballistics
32:18 Pikeman
32:44 Arson
33:04 Halberdier
40:22 Scale Mail Armor
40:33 Forging
40:19 Bodkin Arrow
40:40 Leather Archer Armor
49:20 Chain Mail Armor
warrior 107574
1:01 Loom
8:09 Feudal Age
8:42 Horse Collar
8:53 Double-Bit Axe
9:50 Wheelbarrow
9:01 Town Watch
13:31 Man-at-Arms
17:01 Castle Age
15:18 Gold Mining
16:16 Fletching
16:27 Scale Mail Armor
17:40 Forging
18:04 Bow Saw
20:18 Heavy Plow
21:13 Stone Mining
23:48 Hand Cart
26:00 Anarchy
27:29 Long Swordsman
28:10 Squires
27:30 Pikeman
31:31 Imperial Age
32:14 Stone Shaft Mining
33:03 Perfusion
33:41 Conscription
36:48 Chemistry
andres7194
7:56 Feudal Age
6:37 Loom
8:53 Double-Bit Axe
14:09 Castle Age
12:30 Horse Collar
14:48 Capped Ram
21:41 Fletching
21:55 Padded Archer Armor
24:25 Wheelbarrow
26:12 Gold Mining
26:48 Bloodlines
27:12 Town Watch
30:49 Imperial Age
28:44 Hand Cart
29:05 Fletching
28:59 Light Cavalry
30:36 Bodkin Arrow
32:46 Hussar
34:32 Elite Skirmisher
37:18 Leather Archer Armor
38:04 Ballistics
37:51 Scale Barding Armor
38:46 Sappers
39:36 Conscription
41:13 Chemistry
40:09 Murder Holes
43:21 Heavy Plow
49:59 Forging
49:49 Scale Mail Armor
50:20 Ring Archer Armor
51:33 Iron Casting
51:19 Chain Barding Armor
52:07 Steppe Husbandry
n2844522
7:26 Feudal Age
15:00 Castle Age
13:37 Double-Bit Axe
13:36 Horse Collar
14:08 Fletching
16:00 Bow Saw
17:24 Loom
20:45 Imperial Age
18:46 Bodkin Arrow
21:02 Chemistry
23:25 Padded Archer Armor
24:45 Leather Archer Armor
31:03 Ring Archer Armor
32:51 Capped Ram
35:54 Wagenburg Tactics
38:50 Two-Man Saw
37:53 Bracer
38:54 Ballistics
39:59 Wheelbarrow
39:54 Town Watch
41:11 Hand Cart
41:01 Heavy Plow
41:18 Guard Tower
41:38 Masonry
43:08 Keep
49:20 Scale Mail Armor
49:30 Forging
Error_ID#10T
8:16 Feudal Age
6:33 Loom
9:12 Horse Collar
13:14 Castle Age
11:19 Double-Bit Axe
13:17 Fletching
15:37 Bodkin Arrow
16:54 Bloodlines
16:47 Husbandry
17:24 Gold Mining
18:53 Ballistics
18:31 Loom
21:45 Gold Shaft Mining
22:11 Thumb Ring
24:43 Bow Saw
23:58 Crossbowman
24:50 Kamandaran
25:51 Scale Barding Armor
25:57 Forging
25:56 Heavy Plow
25:57 Loom
27:11 Wheelbarrow
26:22 Town Watch
28:32 Hand Cart
28:50 Guard Tower
29:13 Masonry
34:03 Imperial Age
32:42 Caravan
33:22 Chain Barding Armor
33:38 Iron Casting
33:04 Padded Archer Armor
33:46 Elite Skirmisher
35:05 Plate Barding Armor
35:04 Stone Mining
35:57 Conscription
35:13 Elite War Elephant
37:26 Blast Furnace
36:43 Leather Archer Armor
36:34 Town Patrol
41:13 Stone Shaft Mining
45:12 Two-Man Saw
46:11 Kamandaran
46:47 Hoardings
46:36 Cavalier
Connection lost

Rejoining the realm…

Still unreachable

The connection could not be restored.

Session expired

The server has moved on; the page needs a fresh start.